 Dungeon Crawl Stone Soup version 0.26.1-11-gd32895ea62 (webtiles) character file.

Game seed: 2503030404717929546

88 nothank2 the Digger (level 4, -3/24 HPs)
             Began as a Gargoyle Earth Elementalist on July 11, 2021.
             Killed from afar by an orc wizard (8 damage)
             ... with a puff of flame
             ... on level 3 of the Dungeon.
             The game lasted 00:07:54 (2169 turns).

nothank2 the Digger (Gargoyle Earth Elementalist)   Turns: 2169, Time: 00:07:54

Health: -3/24      AC:  6    Str: 12    XL:     4   Next: 54%
Magic:  7/8        EV: 12    Int: 16    God:
Gold:   153        SH:  0    Dex: 10    Spells: 8/9 levels left

rFire    . . .     SeeInvis .   m - +2 short sword (flame)
rCold    . . .     Faith    .   (no shield)
rNeg     + . .     Spirit   .   c - +0 robe
rPois    ∞         Reflect  .   (no helmet)
rElec    +         Harm     .   (no cloak)
rCorr    .         Rampage  .   o - +0 pair of gloves
Will     .....                  (no boots)
Stlth    +.........             (no amulet)
HPRegen  0.08/turn              (no ring)
MPRegen  0.11/turn              (no ring)

@: confused
A: big wings, negative energy resistance 1, screaming 1, electricity resistance,
unbreathing, petrification resistance, miasma immunity, AC +3
a: Fly


You were on level 3 of the Dungeon.
You visited 1 branch of the dungeon, and saw 3 of its levels.

You collected 153 gold pieces.

Inventory:

Hand Weapons
 a - a +0 short sword
 e - a +1 spear of distortion
 m - a +2 short sword of flaming (weapon)
Missiles
 b - 166 stones
Armour
 c - a +0 robe (worn)
 o - a +0 pair of gloves (worn)
Jewellery
 p - an uncursed amulet of guardian spirit {unknown}
Scrolls
 f - a scroll of enchant weapon {unknown}
 i - a scroll of fog {unknown}
 j - a scroll of immolation {unknown}
 k - 4 scrolls of identify {unknown}
 l - a scroll of teleportation {unknown}
Potions
 d - 4 potions of cancellation {unknown}
 g - a potion of mutation {unknown}
 h - 2 potions of curing {unknown}
 n - 3 potions of heal wounds {unknown}


   Skills:
 - Level 1.5 Dodging
 - Level 2.1 Stealth
 + Level 3.2 Spellcasting
 - Level 1.0 Transmutations
 + Level 5.1 Earth Magic


You had 8 spell levels left.
You knew the following spells:

 Your Spells              Type           Power        Failure   Level
a - Sandblast             Erth           36%          2%          1

Your spell library contained the following spells:

 Spells                   Type           Power        Failure   Level
 Passwall                 Tmut/Erth      10%          8%          2
 Stone Arrow              Conj/Erth      20%          19%         3
 Petrify                  Tmut/Erth      12%          45%         4
 Lee's Rapid Deconstruct  Erth           9%           54%         5


Dungeon Overview and Level Annotations

Branches:
Dungeon (3/15)

Altars:


Innate Abilities, Weirdness & Mutations

You are resistant to torment.
Your stone body is resilient. (AC +3)
You are immune to poison.
You resist negative energy. (rN+)
You are resistant to electric shocks. (rElec)
You can survive without breathing.
You are immune to petrification.
You are immune to miasma.
Your large and strong wings let you fly indefinitely.
You occasionally shout uncontrollably at your foes.


Message History

The blast of sand hits the orc!!
You kill the orc!
The orc wizard miscasts a cantrip.
You hear some strange, mumbled words.
You are confused.
The orc throws a boomerang.
The boomerang hits you but does no damage.
The weapon returns to the orc!
The goblin shoots a stone.
The stone closely misses you.
You're too confused to cast spells.
The orc throws a boomerang.
The boomerang closely misses you.
The weapon returns to the orc!
The goblin shoots a stone.
The orc throws a boomerang.
The boomerang hits you but does no damage.
The weapon returns to the orc!
The goblin shoots a stone.
You hear some strange, mumbled words.
A puff of flame appears from out of thin air!
The puff of flame hits you!
You die...

#...............# ##.....#
####.......####.##
#...##.# #.........##..#
#.#.##..
#.......#(....###...#.#...
##########........###.#.#.
#.....### #.#.#. #......##
#.#.#. ##...#...# #.....
##@...#...#####...#
#.....#...........#
#{#...##..##....###
#(#...###..###..# #(#####
##...#..### ###)#
###....... #.go# #.......
#...o.o##o..... ....#.....
#...g### ..........##.#...


You could see an orc and a goblin.

Vanquished Creatures
  2 adders (D:2)
  2 worms
  A dart slug (D:2)
  6 orcs (D:3)
  A ball python (D:1)
  3 giant cockroaches
  4 goblins
  9 hobgoblins
  7 jackals (D:2)
  3 bats
  7 kobolds
  6 rats
51 creatures vanquished.

Notes
Turn   | Place    | Note
-------+----------+-------------------------------------------
     0 | D:1      | nothank2 the Gargoyle Earth Elementalist began the quest
                  | for the Orb.
     0 | D:1      | Reached XP level 1. HP: 10/10 MP: 3/3
   157 | D:1      | Reached skill level 1 in Transmutations
   254 | D:1      | Reached XP level 2. HP: 15/15 MP: 5/5
   310 | D:1      | Reached skill level 4 in Earth Magic
  1192 | D:2      | Reached XP level 3. HP: 15/19 MP: 6/6
  1669 | D:2      | Gained mutation: You occasionally shout uncontrollably at
                  | your foes. [mutagenic glow]
  1686 | D:2      | Gained mutation: Your large and strong wings let you fly
                  | indefinitely. [mutagenic glow]
  1810 | D:2      | Reached XP level 4. HP: 24/24 MP: 5/8
  1992 | D:3      | Reached skill level 5 in Earth Magic
  2169 | D:3      | Killed from afar by an orc wizard

Illustrated notes

Levels and vault maps discovered:
D:1:      saegor_arrival_simple_a, layout_loops_corners, minivault_26,
          minmay_worlds_worst_comb
D:2:      layout_rooms
D:3:      layout_rooms, hangedman_glass_teeth

Skill      XL: |  1  2  3  4 |
---------------+-------------+-----
Transmutations | 1 |  1.0
Earth Magic    | 4 5 |  5.1
Spellcasting   | 3 |  3.2
Dodging        | |  1.5
Stealth        | |  2.1

Action                   |  1- 3 |  4- 6 || total
-------------------------+-------+-------++-------
Melee: Spear             |   110 |       ||   110
       Short sword       |     8 |    26 ||    34
 Cast: Sandblast         |    13 |     9 ||    22
 Stab: Sleeping          |     3 |     1 ||     4
Armor: Robe              |    33 |    11 ||    44
Dodge: Dodged            |    51 |    16 ||    67
